NYP
BOISE HAWKS @ STATE COLLEGE SPIKES
04/23/2046
 
TOP OF THE 1ST
Boise Hawks batting - Pitching for State College Spikes : RHP Chris Moore
Pitching: RHP Chris Moore
Batting: LHB Steve Gilliam 0-0: Ball
1-0: Swinging Strike
1-1: Foul Ball, location: 2F
1-2: Ball
2-2: Foul Ball, location: 2F
2-2: Strikes out looking
Batting: LHB Mike Clark 0-0: Ground out 6-3 (Groundball, 6, EV 86.9 MPH)
Batting: LHB Chris Salim 0-0: Called Strike
0-1: Called Strike
0-2: Ball
1-2: Strikes out looking
Top of the 1st over - 0 runs, 0 hits, 0 errors, 0 left on base; Boise 0 - State College 0
BOTTOM OF THE 1ST
State College Spikes batting - Pitching for Boise Hawks : RHP Clay Redman
Pitching: RHP Clay Redman
Batting: LHB Ken Compton 0-0: Called Strike
0-1: Called Strike
0-2: Ball
1-2: Strikes out swinging
Batting: RHB Tim Jobe 0-0: Ball
1-0: Ball
2-0: Ball
3-0: Base on Balls
Batting: RHB Joe Alley 0-0: Ball
1-0: Ball
2-0: Called Strike
2-1: Ball
3-1: Base on Balls
Tim Jobe to second
Batting: RHB Richard Riggs 0-0: Called Strike
0-1: Ball
1-1: Ball
2-1: Called Strike
2-2: Fly out, F8 (Flyball, 8LM, EV 94.4 MPH)
Batting: RHB Yorkis Saiki 0-0: Ball
1-0: Ground out U3 (Groundball, 3, EV 84.4 MPH)
Bottom of the 1st over - 0 runs, 0 hits, 0 errors, 2 left on base; Boise 0 - State College 0
TOP OF THE 2ND
Boise Hawks batting - Pitching for State College Spikes : RHP Chris Moore
Batting: RHB Tyler Stebbins 0-0: Called Strike
0-1: Foul Ball, location: 2F
0-2: Ball
1-2: Ball
2-2: Ball
3-2: SINGLE (Line Drive, 7LS, EV 87.5 MPH)
Batting: LHB Jeremy Brammer 0-0: Called Strike
0-1: 2-RUN HOME RUN (Flyball, 9D, EV 101.2 MPH), Distance : 363 ft
Batting: LHB Eric Zacher 0-0: Called Strike
0-1: Swinging Strike
0-2: Ball
1-2: Ground out 1-3 (Groundball, 13, EV 73.1 MPH)
Batting: RHB Josh Martin 0-0: Ball
1-0: Ball
2-0: Called Strike
2-1: Swinging Strike
2-2: Foul Ball, location: 2F
2-2: Strikes out swinging
Batting: RHB Chris Kinder 0-0: Called Strike
0-1: Swinging Strike
0-2: Ball
1-2: Strikes out swinging
Top of the 2nd over - 2 runs, 2 hits, 0 errors, 0 left on base; Boise 2 - State College 0
BOTTOM OF THE 2ND
State College Spikes batting - Pitching for Boise Hawks : RHP Clay Redman
Batting: LHB Keith Rice 0-0: Ball
1-0: Swinging Strike
1-1: Swinging Strike
1-2: Strikes out swinging
Batting: LHB Billy Lang 0-0: Fly out, F3 (Popup, 3, EV 71.2 MPH)
Batting: RHB Joey Black 0-0: Foul Ball, location: 2F
0-1: Called Strike
0-2: Strikes out swinging
Bottom of the 2nd over - 0 runs, 0 hits, 0 errors, 0 left on base; Boise 2 - State College 0
TOP OF THE 3RD
Boise Hawks batting - Pitching for State College Spikes : RHP Chris Moore
Batting: RHB Matt Cone 0-0: SINGLE (Groundball, 4MD, EV 104.4 MPH)
Batting: LHB Steve Gilliam 0-0: Ball
Matt Cone is caught stealing 2nd base 2-6
1-0: Swinging Strike
1-1: Ball
2-1: Called Strike
2-2: Ball
3-2: Foul Ball, location: 2F
3-2: Strikes out looking
Batting: LHB Mike Clark 0-0: Called Strike
0-1: Foul Ball, location: 2F
0-2: Strikes out looking
Top of the 3rd over - 0 runs, 1 hit, 0 errors, 0 left on base; Boise 2 - State College 0
BOTTOM OF THE 3RD
State College Spikes batting - Pitching for Boise Hawks : RHP Clay Redman
Batting: RHB Alex Melgoza 0-0: Ball
1-0: Called Strike
1-1: Swinging Strike
1-2: Fly out, F7 (Flyball, 7S, EV 83.8 MPH)
Batting: LHB Ken Compton 0-0: Called Strike
0-1: Ball
1-1: Ball
2-1: Swinging Strike
2-2: Ground out 4-3 (Groundball, 4, EV 104.4 MPH)
Batting: RHB Tim Jobe 0-0: Ball
1-0: Ball
2-0: Called Strike
2-1: Ball
3-1: Swinging Strike
3-2: Foul Ball, location: 2F
3-2: Foul Ball, location: 2F
3-2: Base on Balls
Batting: RHB Joe Alley 0-0: Fly out, F7 (Flyball, 7LM, EV 77.5 MPH)
Bottom of the 3rd over - 0 runs, 0 hits, 0 errors, 1 left on base; Boise 2 - State College 0
TOP OF THE 4TH
Boise Hawks batting - Pitching for State College Spikes : RHP Chris Moore
Batting: LHB Chris Salim 0-0: Ball
1-0: Fly out, F9 (Flyball, 9S, EV 73.8 MPH)
Batting: RHB Tyler Stebbins 0-0: Called Strike
0-1: Ball
1-1: Foul Ball, location: 2F
1-2: Foul Ball, location: 2F
1-2: Foul Ball, location: 2F
1-2: Strikes out swinging
Batting: LHB Jeremy Brammer 0-0: Called Strike
0-1: Called Strike
0-2: Ball
1-2: Ball
2-2: Foul Ball, location: 2F
2-2: Ball
3-2: Strikes out swinging
Top of the 4th over - 0 runs, 0 hits, 0 errors, 0 left on base; Boise 2 - State College 0
BOTTOM OF THE 4TH
State College Spikes batting - Pitching for Boise Hawks : RHP Clay Redman
Batting: RHB Richard Riggs 0-0: Ball
1-0: Ball
2-0: Foul Ball, location: 2F
2-1: Called Strike
2-2: Foul Ball, location: 2F
2-2: Strikes out swinging
Batting: RHB Yorkis Saiki 0-0: Called Strike
0-1: Ball
1-1: SINGLE (Line Drive, 9S, EV 103.8 MPH)
Batting: LHB Keith Rice 0-0: Ball
1-0: Foul Ball, location: 2F
1-1: Swinging Strike
1-2: Strikes out swinging
Batting: LHB Billy Lang 0-0: Ball
1-0: Foul Ball, location: 2F
1-1: Fly out, F9 (Line Drive, 89M, EV 89.4 MPH)
Bottom of the 4th over - 0 runs, 1 hit, 0 errors, 1 left on base; Boise 2 - State College 0
TOP OF THE 5TH
Boise Hawks batting - Pitching for State College Spikes : RHP Chris Moore
Batting: LHB Eric Zacher 0-0: Ball
1-0: Foul Ball, location: 2F
1-1: Foul Ball, location: 2F
1-2: Ground out 4-3 (Groundball, 4, EV 108.1 MPH)
Batting: RHB Josh Martin 0-0: Swinging Strike
0-1: Swinging Strike
0-2: Strikes out looking
Batting: RHB Chris Kinder 0-0: Swinging Strike
0-1: Ball
1-1: Swinging Strike
1-2: Ball
2-2: Foul Ball, location: 2F
2-2: Fly out, F6 (Line Drive, 6, EV 62.5 MPH)
Top of the 5th over - 0 runs, 0 hits, 0 errors, 0 left on base; Boise 2 - State College 0
BOTTOM OF THE 5TH
State College Spikes batting - Pitching for Boise Hawks : RHP Clay Redman
Batting: RHB Joey Black 0-0: Called Strike
0-1: Ball
1-1: Swinging Strike
1-2: Ground out 6-3 (Groundball, 6, EV 83.1 MPH)
Batting: RHB Alex Melgoza 0-0: Ball
1-0: Ball
2-0: Foul Ball, location: 2F
2-1: Ground out 6-3 (Groundball, 6, EV 82.5 MPH)
Batting: LHB Ken Compton 0-0: Ball
1-0: Ball
2-0: Called Strike
2-1: Ground out 4-3 (Groundball, 4, EV 83.1 MPH)
Bottom of the 5th over - 0 runs, 0 hits, 0 errors, 0 left on base; Boise 2 - State College 0
TOP OF THE 6TH
Boise Hawks batting - Pitching for State College Spikes : RHP Chris Moore
Batting: RHB Matt Cone 0-0: Ball
1-0: Ground out 5-3 (Groundball, 56S, EV 85.0 MPH)
Batting: LHB Steve Gilliam 0-0: Ball
1-0: Ball
2-0: Ball
3-0: Called Strike
3-1: Base on Balls
Batting: LHB Mike Clark 0-0: Called Strike
Steve Gilliam is caught stealing 2nd base 2-6
0-1: Swinging Strike
0-2: Strikes out looking
Top of the 6th over - 0 runs, 0 hits, 0 errors, 0 left on base; Boise 2 - State College 0
BOTTOM OF THE 6TH
State College Spikes batting - Pitching for Boise Hawks : RHP Clay Redman
Pitching: RHP Angelo Ayala
Batting: RHB Tim Jobe 0-0: Ball
1-0: Called Strike
1-1: Ball
2-1: Ball
3-1: Fly out, F9 (Flyball, 89S, EV 94.4 MPH)
Batting: RHB Joe Alley 0-0: Ball
1-0: Foul Ball, location: 2F
1-1: Ball
2-1: Ball
3-1: Base on Balls
Batting: RHB Richard Riggs 0-0: Swinging Strike
0-1: Foul Ball, location: 2F
0-2: Strikes out swinging
Batting: RHB Yorkis Saiki 0-0: Called Strike
0-1: Foul Ball, location: 2F
0-2: Foul Ball, location: 2F
0-2: Strikes out looking
Bottom of the 6th over - 0 runs, 0 hits, 0 errors, 1 left on base; Boise 2 - State College 0
TOP OF THE 7TH
Boise Hawks batting - Pitching for State College Spikes : RHP Chris Moore
Batting: LHB Chris Salim 0-0: Ball
1-0: Ball
2-0: Called Strike
2-1: Ball
3-1: Foul Ball, location: 2F
3-2: Base on Balls
Batting: RHB Tyler Stebbins 0-0: Called Strike
0-1: Ball
1-1: Foul Ball, location: 2F
1-2: Foul Ball, location: 2F
1-2: DOUBLE (Line Drive, 78D, EV 104.4 MPH)
Chris Salim to third
Batting: LHB Jeremy Brammer 0-0: Called Strike
0-1: Hit by Pitch
Pitching: RHP Joe Cornell
Batting: LHB Eric Zacher 0-0: Ball
1-0: Ball
2-0: Called Strike
2-1: Foul Ball, location: 2F
2-2: SINGLE (Groundball, 4M, EV 103.8 MPH)
Chris Salim scores
Tyler Stebbins to third
Jeremy Brammer to second
Runner from 3rd tries for Home, throw by CF and OUT! 8-2
Jeremy Brammer to third
Eric Zacher to second
Batting: RHB Josh Martin 0-0: Ball
1-0: SINGLE (Line Drive, 34D, EV 101.2 MPH)
Jeremy Brammer scores
Eric Zacher to third
Batting: RHB Chris Kinder 0-0: Called Strike
Pickoff Throw to First - Out! 1-3
0-1: Called Strike
0-2: Ball
1-2: Ball
2-2: Strikes out swinging
Top of the 7th over - 2 runs, 3 hits, 0 errors, 1 left on base; Boise 4 - State College 0
BOTTOM OF THE 7TH
State College Spikes batting - Pitching for Boise Hawks : RHP Angelo Ayala
Pitching: RHP Zach Sommer
Batting: LHB Keith Rice 0-0: Ball
1-0: Ball
2-0: SINGLE (Line Drive, 89S, EV 101.9 MPH)
Batting: LHB Billy Lang 0-0: Swinging Strike
0-1: Bunted foul
0-2: Ball
1-2: Strikes out swinging
Batting: RHB Joey Black 0-0: Called Strike
0-1: Ball
1-1: Swinging Strike
1-2: Fly out, F9 (Flyball, 9LD, EV 103.8 MPH)
Batting: RHB Alex Melgoza 0-0: Ball
1-0: Swinging Strike
1-1: Ball
2-1: Called Strike
2-2: Ball
3-2: Base on Balls
Keith Rice to second
Batting: LHB Ken Compton 0-0: Foul Ball, location: 2F
0-1: Ball
1-1: Ball
2-1: Called Strike
2-2: Fly out, F8 (Flyball, 8LD, EV 99.4 MPH)
Bottom of the 7th over - 0 runs, 1 hit, 0 errors, 2 left on base; Boise 4 - State College 0
TOP OF THE 8TH
Boise Hawks batting - Pitching for State College Spikes : RHP Joe Cornell
Batting: RHB Matt Cone 0-0: Foul Ball, location: 2F
0-1: Ground out 6-3 (Groundball, 6, EV 83.8 MPH)
Batting: LHB Steve Gilliam 0-0: Called Strike
0-1: Ground out 6-3 (Groundball, 6M, EV 103.8 MPH)
Batting: LHB Mike Clark 0-0: Ball
1-0: Called Strike
1-1: Ball
2-1: Ground out 3-1 (Groundball, 34, EV 101.2 MPH)
Top of the 8th over - 0 runs, 0 hits, 0 errors, 0 left on base; Boise 4 - State College 0
BOTTOM OF THE 8TH
State College Spikes batting - Pitching for Boise Hawks : RHP Zach Sommer
Pitching: RHP Mitch Guerrero
Batting: RHB Tim Jobe 0-0: Ball
1-0: Ball
2-0: Foul Ball, location: 2F
2-1: Ball
3-1: Base on Balls
Batting: RHB Joe Alley 0-0: Foul Ball, location: 2F
0-1: Ball
1-1: Swinging Strike
1-2: Ball
2-2: Strikes out swinging
Batting: RHB Richard Riggs 0-0: Called Strike
0-1: Swinging Strike
0-2: Ball
1-2: Ball
2-2: Fielders Choice at 2nd, 5-4 (Groundball, 56S, EV 86.9 MPH)
Batting: RHB Yorkis Saiki Pickoff Throw to First - Out! 1-3
Bottom of the 8th over - 0 runs, 0 hits, 0 errors, 0 left on base; Boise 4 - State College 0
TOP OF THE 9TH
Boise Hawks batting - Pitching for State College Spikes : RHP Joe Cornell
Batting: LHB Chris Salim 0-0: Foul Ball, location: 2F
0-1: Foul Ball, location: 2F
0-2: Foul Ball, location: 2F
0-2: Strikes out swinging
Batting: RHB Tyler Stebbins 0-0: SINGLE (Line Drive, 9S, EV 86.2 MPH)
Batting: LHB Jeremy Brammer 0-0: Ball
1-0: Called Strike
1-1: Foul Ball, location: 2F
1-2: Ball
2-2: Strikes out looking
Batting: LHB Eric Zacher 0-0: Swinging Strike
0-1: Foul Ball, location: 2F
0-2: Foul Ball, location: 2F
0-2: Ball
1-2: Ball
2-2: Ball
3-2: Foul Ball, location: 2F
3-2: Strikes out swinging
Top of the 9th over - 0 runs, 1 hit, 0 errors, 1 left on base; Boise 4 - State College 0
BOTTOM OF THE 9TH
State College Spikes batting - Pitching for Boise Hawks : RHP Mitch Guerrero
Pitching: RHP Vas Karamyshev
Batting: RHB Yorkis Saiki 0-0: Ground out 3-1 (Groundball, 34, EV 83.8 MPH)
Batting: LHB Keith Rice 0-0: Swinging Strike
0-1: Called Strike
0-2: Foul Ball, location: 2F
0-2: Ball
1-2: SINGLE (Groundball, 56D, EV 98.1 MPH)
Batting: LHB Billy Lang 0-0: Swinging Strike
0-1: Ball
1-1: Fly out, F8 (Flyball, 8LXD, EV 92.5 MPH)
Batting: RHB Joey Black 0-0: Foul Ball, location: 2F
0-1: Ball
Wild Pitch!
Keith Rice to second
1-1: Ball
2-1: Called Strike
2-2: Strikes out swinging
Bottom of the 9th over - 0 runs, 1 hit, 0 errors, 1 left on base; Boise 4 - State College 0
Tuesday, September 13th , 2022 - OOTP Baseball 23.7 Build 88